 Dungeon Crawl Stone Soup version 0.30-a0-341-g682706514a (webtiles) character file.

Game seed: 1067519922837477485

51 Lanoc the Chiller (level 3, -1/26 HPs)
             Began as a Demonspawn Ice Elementalist on Nov 4, 2022.
             Engulfed by a steam dragon's steam (4 damage)
             ... on level 4 of the Dungeon.
             The game lasted 00:03:05 (1660 turns).

Lanoc the Chiller (Demonspawn Ice Elementalist)     Turns: 1660, Time: 00:03:05

Health: -1/26      AC:  2    Str: 10    XL:     3   Next: 58%
Magic:  1/6        EV: 12    Int: 16    God:
Gold:   51         SH:  0    Dex: 13    Spells: 5/6 levels left

rFire   . . .      SeeInvis .      - Unarmed
rCold   . . .      Faith    .    (no shield)
rNeg    . . .      Spirit   .    a - +0 robe
rPois   .          Reflect  .    (helmet restricted)
rElec   .          Harm     .    (no cloak)
rCorr   .          Rampage  .    (no gloves)
Will    .....                    (no boots)
Stlth   ++........               (no amulet)
HPRegen 0.24/turn                (no ring)
MPRegen 0.10/turn                (no ring)

@: no status effects
A: antennae 1, claws 1
a: no special abilities


You were on level 4 of the Dungeon.
You visited 1 branch of the dungeon, and saw 3 of its levels.

You collected 51 gold pieces.

Inventory:

Armour
 a - a +0 robe (worn)
Scrolls
 d - a scroll of butterflies {unknown}
 e - 2 scrolls of identify {unknown}
 f - a scroll of noise {unknown}
 k - a scroll of enchant armour {unknown}
 l - a scroll of immolation {unknown}
 m - a scroll of blinking {unknown}
Potions
 b - a potion of magic
 h - a potion of curing {unknown}
 i - a potion of ambrosia {unknown}
 j - a potion of mutation {unknown}


   Skills:
 + Level 1.3 Fighting
 + Level 2.3 Dodging
 - Level 1.7 Stealth
 - Level 1.1 Unarmed Combat
 - Level 2.0 Spellcasting
 * Level 4.0 Ice Magic


You had 5 spell levels left.
You knew the following spells:

 Your Spells              Type           Power      Damage    Failure   Level
a - Freeze                Ice            56%        1d7       4%          1

Your spell library contained the following spells:

 Spells                   Type           Power      Damage    Failure   Level
 Frozen Ramparts          Ice            28%        1d5       12%         3
 Ozocubu's Armour         Ice            14%        N/A       12%         3
 Beastly Appendage        Tmut           2%         N/A       21%         1
 Wereblood                Tmut           1%         N/A       30%         2
 Spider Form              Tmut/Pois      1%         N/A       52%         3
 Summon Ice Beast         Ice/Summ       8%         N/A       65%         4


Dungeon Overview and Level Annotations

Branches:
Dungeon (2/15)

Altars:

Shops:
D:1 :


Innate Abilities, Weirdness & Mutations

You have a pair of small antennae on your head.
You have sharp fingernails.


Message History

You freeze the steam dragon.
The steam dragon is lightly wounded.
The steam dragon barely misses you. The steam dragon misses you.
Casting: Freeze (safe; 4% risk of failure)
Confirm with . or Enter, or press ? or * to list all spells.
Aiming: Freeze (safe; 4% risk of failure)
Press: ? - help, Shift-Dir - straight line, f/p - steam dragon
Aim: a steam dragon (steam, lightly wounded)
You freeze the steam dragon.
The steam dragon is moderately wounded.
The steam dragon completely misses you. The steam dragon closely misses you.
An adder comes into view.
Casting: Freeze (safe; 4% risk of failure)
Confirm with . or Enter, or press ? or * to list all spells.
Aiming: Freeze (safe; 4% risk of failure)
Press: ? - help, Shift-Dir - straight line, f/p - steam dragon
Aim: a steam dragon (steam, moderately wounded)
You freeze the steam dragon.
The steam dragon is heavily wounded.
The steam dragon breathes steam at you. The ball of steam hits you!
* * * LOW HITPOINT WARNING * * *
The steam dragon barely misses you. The steam dragon closely misses you.
Casting: Freeze (safe; 4% risk of failure)
Confirm with . or Enter, or press ? or * to list all spells.
Aiming: Freeze (safe; 4% risk of failure)
Press: ? - help, Shift-Dir - straight line, f/p - steam dragon
Aim: a steam dragon (heavily wounded, catching its breath)
You freeze the steam dragon.
The steam dragon is severely wounded.
The steam dragon misses you. The steam dragon barely misses you.
Casting: Freeze (safe; 4% risk of failure)
Confirm with . or Enter, or press ? or * to list all spells.
Aiming: Freeze (safe; 4% risk of failure)
Press: ? - help, Shift-Dir - straight line, f/p - steam dragon
Aim: a steam dragon (severely wounded, catching its breath)
You freeze the steam dragon.
The steam dragon is almost dead.
You are engulfed in a cloud of scalding steam.
You die...

..#.... # .......#### ###
#........###############..
#.....#.....#.........>..#
#...S#................###
#.......###############
#..#...## #..#....####
#.#...#.ยงยง@..#
#.....!..D##....#
#........## ##...
#.........# . #..##...#..#
#>. ##.###..# # #. #..# #.
#... #. #.KK


You could see a steam dragon (catching breath) and an adder.

Vanquished Creatures
  Robin (D:4)
  A dart slug (D:1)
  5 endoplasms
  10 goblins
  10 hobgoblins
  2 kobolds (D:1)
  2 ball pythons
  3 rats
34 creatures vanquished.

Notes
Turn   | Place    | Note
-------+----------+-------------------------------------------
     0 | D:1      | Lanoc the Demonspawn Ice Elementalist began the quest for
                  | the Orb.
     0 | D:1      | Reached XP level 1. HP: 13/13 MP: 3/3
   207 | D:1      | Found Kapraun's Vocational Training.
   598 | D:1      | Discovered your monstrous ancestry.
   598 | D:1      | Gained mutation: You have sharp fingernails. [demonic
                  | ancestry]
   598 | D:1      | Reached XP level 2. HP: 16/20 MP: 1/5
  1263 | D:2      | Reached skill level 1 in Fighting
  1369 | D:2      | You fall into a shaft and drop 2 floors!
  1386 | D:4      | Reached skill level 1 in Unarmed Combat
  1457 | D:4      | Noticed Robin
  1475 | D:4      | Gained mutation: You have a pair of small antennae on your
                  | head. [demonic ancestry]
  1475 | D:4      | Reached XP level 3. HP: 23/26 MP: 2/6
  1511 | D:4      | Killed Robin
  1512 | D:4      | Reached skill level 4 in Ice Magic
  1646 | D:4      | Noticed a steam dragon
  1660 | D:4      | Engulfed by a steam dragon's steam

Illustrated notes

Levels and vault maps discovered:
D:1:      minmay_arrival_split_and_join, layout_basic, serial_curves,
          eino_curves_03, eino_curves_03, nicolae_shop_vocational
D:2:      layout_basic, hangedman_decor_lopped, feat_on_display, uniq_sigmund,
          uniq_terence, uniq_crazy_yiuf_cottage
D:4:      layout_layer_cave, gammafunk_ghost_mausoleum, uniq_natasha, uniq_ijyb,
          uniq_pikel, uniq_robin

Skill      XL: |  1  2  3 |
---------------+----------+-----
Dodging        | 2 |  2.3
Fighting       | 1 |  1.3
Unarmed Combat | 1 |  1.1
Ice Magic      | 4 |  4.0
Stealth        | |  1.7
Spellcasting   | |  2.0

Action                   || total
-------------------------++-------
Melee: Unarmed           ||    52
 Cast: Freeze            ||    49
  Use: Potion            ||     3
 Stab: Distracted        ||     1
Armor: Robe              ||    10
Dodge: Dodged            ||    54

Table legend: (Time is in decaauts)
 A = Elapsed time spent in this place.
 B = Non-inter-level travel time spent in this place.
 C = Inter-level travel time spent in this place.
 D = Time resting spent in this place.
 E = Time spent auto-exploring this place.
 F = Levels seen in this place.
 G = Mean time per level.
                   A        B        C        D        E       F      G
               +--------+--------+--------+--------+--------+-----+--------+
         Total |   1639 |   1620 |     19 |      0 |   1398 |   3 |  546.3 |
       Dungeon |   1639 |   1620 |     19 |      0 |   1398 |   3 |  546.3 |
               +--------+--------+--------+--------+--------+-----+--------+

Top non-repeatable levels by time:
     D:1: 1240 daAuts
     D:4: 270 daAuts
     D:2: 128 daAuts
